 Dungeon Crawl Stone Soup version 0.25-a0-645-gb4487340cb (webtiles) character file.

Game seed: 9055334543486891821, levelgen mode: deterministic

1041282 ReteAZ the Acrobat (level 27, 0/235 HPs)
             Began as a Gnoll Gladiator on Mar 14, 2020.
             Was the Champion of Cheibriados.
             Slain by an Ice Fiend (18 damage)
             ... summoned by Ereshkigal
             ... on level 7 of Tartarus on Mar 21, 2020.
             The game lasted 05:31:45 (87653 turns).

ReteAZ the Acrobat (Gnoll Gladiator)               Turns: 87653, Time: 05:31:46

Health: 0/235      AC: 29    Str: 33 (34) XL:     27
Magic:  49/49      EV: 46    Int: 39 (40) God:    Cheibriados [******]
Gold:   11895      SH: 27    Dex: 42      Spells: 35/71 levels left

rFire    + . .     SeeInvis +     - Unarmed
rCold    + + +     Gourm    .   j - +5 kite shield {reflect}
rNeg     + + .     Faith    .   t - +4 faerie dragon scales {rC+ rCorr}
rPois    +         Spirit   .   (helmet restricted)
rElec    +         Reflect  +   E - +1 cloak of Starlight {rElec rC+ EV+4 Stlth--}
rCorr    +         Harm     .   z - +2 pair of gloves {Dex+3}
MR       ++...                  P - +2 pair of boots {Fly}
Stlth    ++++++++..             k - amulet of the Tarantula {Acrobat rN+ Int+6 Dex+6}
HPRegen  0.49/turn              Z - ring of Xom's Sleight of Hands {rF+ rC+ Str-3 Int+2}
MPRegen  0.31/turn              y - ring "Emobboul" {rN+ SInv}

@: flayed, flying, studying 3 skills, silenced, very slow
A: distributed training, fangs 1, horns 1, iridescent scales 1, deterioration 2,
poison resistance, wild magic 1, MP-powered wands, strong nose
}: 7/15 runes: barnacled, slimy, silver, iron, icy, abyssal, gossamer
a: Renounce Religion, Stop Flying


You were on level 7 of Tartarus.
You worshipped Cheibriados.
Cheibriados was exalted by your worship.
You were not hungry.

You visited 17 branches of the dungeon, and saw 80 of its levels.
You visited the Abyss 2 times.
You visited 1 bazaar.
You also visited: Ossuary, Ice Cave and Wizlab.

You collected 14465 gold pieces.
You spent 2570 gold pieces at shops.

Inventory:

Hand Weapons
 o - the +7 sceptre of Torment {pain, torment}
   (You found it on level 4 of the Shoals)

   In the hands of one skilled in necromantic magic, it inflicts extra damage on
   living creatures.
 s - the +5 demon whip "Spellbinder" {antimagic, MR+}
   (You found it on level 3 of the Elven Halls)

   It reduces the magical energy of the wielder, and disrupts the spells and
   magical abilities of those hit.
   Natural abilities and divine invocations are not affected.
   It affects your resistance to hostile enchantments.
 C - a +9 demon trident of electrocution
Missiles
 I - 9 throwing nets
 Q - 20 javelins (quivered)
Armour
 c - the +2 scale mail of Crawling {rElec MR++ Str+3 Stlth+}
   (You took it off a deep elf high priest on level 5 of the Vaults)

   It affects your strength (+3).
   It insulates you from electricity.
   It affects your resistance to hostile enchantments.
   It makes you more stealthy.
 j - a +5 kite shield of reflection (worn)
 t - the +4 faerie dragon scales (worn) {rC+ rCorr}
   (You took it off the Enchantress on level 1 of the Depths)

   It protects you from cold.
   It provides partial protection from all sources of acid and corrosion.
 z - a +2 pair of gloves of dexterity (worn)
 E - the +1 cloak of Starlight (worn) {rElec rC+ EV+4 Stlth--}
   (You found it in a wizard's laboratory)

   It affects your evasion (+4).
   It protects you from cold.
   It insulates you from electricity.
   It makes you much less stealthy.
 P - a +2 pair of boots of flying (worn)
 X - the +16 plate armour of a treasure trove {+Fly Str+5 Int-3}
   (You found it on level 7 of Cocytus)

   It affects your strength (+5).
   It affects your intelligence (-3).
   It lets you fly.
 Y - the +4 helmet "Iqat" {rPois}
   (You found it on level 5 of the Vaults)

   It protects you from poison.
Jewellery
 k - the amulet of the Tarantula (around neck) {Acrobat rN+ Int+6 Dex+6}
   (You found it on level 7 of the Iron City of Dis)

   [amulet of the acrobat]

   It helps you evade while moving and waiting.
   It affects your intelligence (+6).
   It affects your dexterity (+6).
   It protects you from negative energy.
 x - the amulet of Vitality {Regen+ HP+15}
   (You found it on level 3 of the Elven Halls)

   [amulet of regeneration]

   It affects your health (+15).
   It increases your rate of regeneration.
 y - the ring "Emobboul" (right hand) {rN+ SInv}
   (You acquired it on level 4 of the Depths)

   [ring of positive energy]

   It protects you from negative energy.
   It lets you see invisible.
 G - the ring "Kiziaby" {rF+ Str+2 Slay+3}
   (You found it on level 2 of the Elven Halls)

   [ring of protection from fire]

   It affects your strength (+2).
   It affects your accuracy and damage with ranged weapons and melee attacks
   (+3).
   It protects you from fire.
 L - a +5 ring of evasion
 Z - the ring of Xom's Sleight of Hands (left hand) {rF+ rC+ Str-3 Int+2}
   (You took it off a vampire mage on level 3 of the Depths)

   [ring of protection from fire]

   It affects your strength (-3).
   It affects your intelligence (+2).
   It protects you from fire.
   It protects you from cold.
Wands
 b - a wand of disintegration (24)
 h - a wand of digging (33)
 i - a wand of paralysis (22)
 v - a wand of clouds (9)
 A - a wand of flame (15)
 N - a wand of iceblast (56)
 S - a wand of acid (32)
Scrolls
 e - 33 scrolls of teleportation
 f - 8 scrolls of fear
 l - 3 scrolls of holy word
 n - 13 scrolls of enchant armour
 q - 27 scrolls of remove curse
 w - 5 scrolls of magic mapping
 D - 10 scrolls of identify
 H - 2 scrolls of brand weapon
 M - 10 scrolls of fog
 T - 3 scrolls of blinking
 U - 2 scrolls of enchant weapon
Potions
 g - 5 potions of cancellation
 m - 4 potions of magic
 p - 4 potions of mutation
 r - 29 potions of curing
 J - 8 potions of brilliance
 K - 4 potions of ambrosia
 V - 3 potions of invisibility
 W - 6 potions of might
Books
 a - a manual of Hexes
 F - a manual of Dodging
 O - a manual of Shields
Miscellaneous
 B - 7 boxes of beasts
 R - a lamp of fire
Comestibles
 d - 89 rations


   Skills:
 + Level 23.1 Fighting
 + Level 22.8 Short Blades
 + Level 22.8 Long Blades
 + Level 22.8 Axes
 + Level 22.8 Maces & Flails
 + Level 26.2 Polearms
 + Level 22.8 Staves
 + Level 22.8 Slings
 + Level 22.8 Bows
 + Level 22.8 Crossbows
 + Level 23.1 Throwing
 + Level 22.8 Armour
 + Level 26.7 Dodging
 + Level 22.8 Stealth
 + Level 23.9 Shields
 + Level 23.4 Unarmed Combat
 + Level 22.8 Spellcasting
 + Level 19.9 Conjurations
 + Level 20.0 Hexes
 + Level 19.9 Charms
 + Level 19.9 Summonings
 + Level 19.9 Necromancy
 + Level 19.9 Translocations
 + Level 19.9 Transmutations
 + Level 19.9 Fire Magic
 + Level 19.9 Ice Magic
 + Level 19.9 Air Magic
 + Level 19.9 Earth Magic
 + Level 19.9 Poison Magic
 + Level 24.4 Invocations
 + Level 22.8 Evocations


You had 35 spell levels left.
You knew the following spells:

 Your Spells              Type           Power        Failure   Level  Hunger
a - Deflect Missiles      Chrm/Air       ########..   1%          6    None
b - Silence               Hex/Air        ########..   1%          5    None
c - Statue Form           Tmut/Erth      ########.    1%          6    None
d - Spectral Weapon       Hex/Chrm       ########     1%          3    None
e - Necromutation         Tmut/Necr      ########..   2%          8    None
f - Controlled Blink      Tloc           N/A          2%          8    None

Your spell library contained the following spells:

 Spells                   Type           Power        Failure   Level  Hunger
 Animate Skeleton         Necr           N/A          1%          1    None
 Apportation              Tloc           ######       1%          1    None
 Beastly Appendage        Tmut           ######       1%          1    None
 Corona                   Hex            #######      1%          1    None
 Foxfire                  Conj/Fire      ####         1%          1    None
 Freeze                   Ice            ####         1%          1    None
 Infusion                 Chrm           ####         1%          1    None
 Magic Dart               Conj           ####         1%          1    None
 Pain                     Necr           ####         1%          1    None
 Sandblast                Erth           ######       1%          1    None
 Shock                    Conj/Air       ####         1%          1    None
 Sting                    Tmut/Pois      ####         1%          1    None
 Summon Butterflies       Summ           ########     1%          1    None
 Summon Small Mammal      Summ           ####         1%          1    None
 Blink                    Tloc           N/A          1%          2    None
 Call Imp                 Summ           ########     1%          2    None
 Corpse Rot               Necr/Air       N/A          1%          2    None
 Ensorcelled Hibernation  Hex/Ice        ######       1%          2    None
 Passwall                 Tmut/Erth      ########     1%          2    None
 Poisonous Vapours        Pois/Air       ######       1%          2    None
 Searing Ray              Conj           ######       1%          2    None
 Shroud of Golubria       Chrm/Tloc      ######       1%          2    None
 Slow                     Hex            ########     1%          2    None
 Song of Slaying          Chrm           ########     1%          2    None
 Sticks to Snakes         Tmut           ########     1%          2    None
 Sublimation of Blood     Necr           ########..   1%          2    None
 Swiftness                Chrm/Air       ########     1%          2    None
 Call Canine Familiar     Summ           ########     1%          3    None
 Confusing Touch          Hex            ########     1%          3    None
 Conjure Flame            Conj/Fire      ########     1%          3    None
 Dazzling Flash           Conj/Hex       ######       1%          3    None
 Frozen Ramparts          Ice            ######       1%          3    None
 Gell's Gravitas          Tloc           ########..   1%          3    None
 Ignite Poison            Fire/Tmut/Pois ########     1%          3    None
 Inner Flame              Hex/Fire       ########     1%          3    None
 Lesser Beckoning         Tloc           ########..   1%          3    None
 Mephitic Cloud           Conj/Pois/Air  ########     1%          3    None
 Ozocubu's Armour         Chrm/Ice       ########     1%          3    None
 Portal Projectile        Hex/Tloc       ######       1%          3    None
 Recall                   Summ/Tloc      N/A          1%          3    None
 Spider Form              Tmut/Pois      ########..   1%          3    None
 Static Discharge         Conj/Air       ########     1%          3    None
 Stone Arrow              Conj/Erth      ######       1%          3    None
 Summon Guardian Golem    Hex/Summ       ########     1%          3    None
 Tukima's Dance           Hex            ########     1%          3    None
 Vampiric Draining        Necr           ########..   1%          3    None
 Airstrike                Air            ########..   1%          4    None
 Animate Dead             Necr           N/A          1%          4    None
 Cause Fear               Hex            ########..   1%          4    None
 Dispel Undead            Necr           ########     1%          4    None
 Fulminant Prism          Conj/Hex       ########..   1%          4    None
 Hailstorm                Conj/Ice       ########     1%          4    None
 Ice Form                 Ice/Tmut       ########     1%          4    None
 Iskenderun's Mystic Bla  Conj/Tloc      ########     1%          4    None
 Leda's Liquefaction      Hex/Erth       ########..   1%          4    None
 Olgreb's Toxic Radiance  Pois           ########     1%          4    None
 Passage of Golubria      Tloc           N/A          1%          4    None
 Petrify                  Tmut/Erth      ########     1%          4    None
 Sticky Flame             Conj/Fire      ########     1%          4    None
 Summon Ice Beast         Ice/Summ       ########     1%          4    None
 Summon Lightning Spire   Summ/Air       ########     1%          4    None
 Agony                    Necr           ########     1%          5    None
 Alistair's Intoxication  Tmut/Pois      ########     1%          5    None
 Aura of Abjuration       Summ           ########..   1%          5    None
 Blade Hands              Tmut           ########..   1%          5    None
 Bolt of Magma            Conj/Fire/Erth ########..   1%          5    None
 Borgnjor's Vile Clutch   Necr/Erth      ########..   1%          5    None
 Excruciating Wounds      Chrm/Necr      ########..   1%          5    None
 Fireball                 Conj/Fire      ########..   1%          5    None
 Irradiate                Conj/Tmut      ########..   1%          5    None
 Iskenderun's Battlesphe  Conj/Chrm      ########     1%          5    None
 Lee's Rapid Deconstruct  Erth           ########..   1%          5    None
 Lightning Bolt           Conj/Air       ########..   1%          5    None
 Metabolic Englaciation   Hex/Ice        ########..   1%          5    None
 Summon Demon             Summ           ########..   1%          5    None
 Summon Forest            Summ/Tloc      ########..   1%          5    None
 Summon Mana Viper        Hex/Summ       ########     1%          5    None
 Conjure Ball Lightning   Conj/Air       ########..   1%          6    None
 Darkness                 Hex            ########..   1%          6    None
 Death Channel            Necr           ########..   1%          6    None
 Dispersal                Tloc           ########..   1%          6    None
 Eringya's Noxious Bog    Tmut/Pois      ########..   1%          6    None
 Freezing Cloud           Conj/Ice/Air   ########..   1%          6    None
 Hydra Form               Tmut           ########..   1%          6    None
 Invisibility             Hex            ########     1%          6    None
 Iron Shot                Conj/Erth      ########..   1%          6    None
 Ozocubu's Refrigeration  Ice            ########..   1%          6    None
 Shadow Creatures         Summ           N/A          1%          6    None
 Simulacrum               Ice/Necr       ########..   1%          6    None
 Starburst                Conj/Fire      ########..   1%          6    None
 Dragon Form              Tmut           ########..   1%          7    None
 Haunt                    Necr/Summ      ########..   1%          7    None
 Malign Gateway           Summ/Tloc      ########..   1%          7    None
 Ring of Flames           Chrm/Fire      ########..   1%          7    None
 Spellforged Servitor     Conj/Summ      ########..   1%          7    None
 Summon Hydra             Summ           ########..   1%          7    None
 Borgnjor's Revivificati  Necr           ########..   2%          8    None
 Death's Door             Chrm/Necr      ########..   2%          8    None
 Disjunction              Tloc           ########..   2%          8    None
 Ignition                 Fire           ########..   2%          8    None
 Infestation              Necr           ########..   2%          8    None
 Dragon's Call            Summ           ########..   22%         9    ###....
 Shatter                  Erth           ########..   22%         9    ###....
 Tornado                  Air            ########..   22%         9    ###....


Dungeon Overview and Level Annotations

Branches:
Dungeon (15/15)            Temple (0/1) D:7            Lair (6/6) D:8
 Shoals (4/4) Lair:4       Spider (4/4) Lair:2        Slime (5/5) Lair:5
    Orc (2/2) D:9             Elf (3/3) Orc:2        Vaults (5/5) D:14
  Crypt (3/3) Vaults:2       Tomb (1/3) Crypt:3      Depths (5/5) D:15
   Hell (visited)             Dis (7/7) Hell            Geh (1/7) Hell
    Coc (7/7) Hell            Tar (7/7) Hell            Zot (4/5) Depths:5
Ossuary (visited)           IceCv (visited)          WizLab (visited)

Altars:
Ashenzari
Cheibriados
Dithmenos
Elyvilon
Fedhas
Gozag
Hepliaklqana
Kikubaaqudgha
Makhleb
Nemelex Xobeh
Okawaru
Qazlal
Uskayaw
Vehumet
Wu Jian
Yredelemnul
The Shining One
Beogh
Jiyva

Shops:
D:4 }   D:5 *   D:6 [(?=   D:8 *   D:11 :[:   Orc:2 *[((   Elf:1 %%   Elf:2 (
Vaults:4 (   Depths:2 }   Depths:3 :   Depths:4 *

Portals:
Hell: Lair:6 Depths:1 Depths:2 Depths:3 Depths:4 Depths:5
Abyss: Depths:1 Depths:3 Depths:4
Pandemonium: Depths:1 Depths:3 Depths:4
Ziggurat: Depths:5

Annotations:
Lair:3 exclusion: 3 oklob plants
Lair:6 exclusions: door and 1 more exclusion
Depths:5 exclusion: downstairs
Dis:7 Dispater
Tar:7 Ereshkigal
Zot:2 3 runed translucent doors, Puegucze's ghost, legendary GnCj


Innate Abilities, Weirdness & Mutations

Your experience applies equally to all skills.
You have very sharp teeth.
Your uncanny sense of smell can sniff out nearby items.
You have a pair of small horns on your head.
You are partially covered in iridescent scales. (AC +2)
Your body often deteriorates upon taking damage.
Your system is resistant to poisons. (rPois)
Your spells are a little harder to cast, but a little more powerful.
You expend magic power (3 MP) to strengthen your wands.


Message History

You completely miss Ereshkigal.
You headbutt Ereshkigal, but do no damage.
Ereshkigal is severely wounded.
The Ice Fiend claws you but does no damage.
The Ice Fiend completely misses you. You block the soul eater's attack.
The flayed ghost moans in silent anguish.
Terrible wounds spread across more of your body!
* * * LOW HITPOINT WARNING * * *
Ereshkigal gestures.
The soul eater draws from the surrounding life force!
* * * LOW HITPOINT WARNING * * *
You closely miss Ereshkigal.
You headbutt Ereshkigal, but do no damage.
Ereshkigal is severely wounded.
The Tzitzimitl calls on the powers of darkness!
Your body is wracked with pain!
* * * LOW HITPOINT WARNING * * *
You block the reaper's attack. You block the soul eater's attack.
The Ice Fiend claws you!!
You die...

,,,+,,,*,,,+,,,,,W*,,*
*++*++***,,*,,,..3#,,*
,,,+,,,**∆∆****#WW#,,*
,,,+,,,,**** #Wn#,,*
,,,***,,,** #nn#,,*
,,,,,**,,,** #3W#,,*
,,,,,,**,,,* #W2#,,*
,,,,,,,**,,* #23#,,*
,,,,,,,,*,,* #@3#,,*
,,,,,,,,*.,#####1&#,,*
,,,,,,,,*..#..2LLL#,,*
,,,,,,,,*..DZn32V2#,,*
,,,,,,,,*..h.14WnW#,,*
,,,,,,,,*..#..Z43.#,,*
**,,,,,,*.,#####..#,,*
,**,,,,,*,,* #..#,,*
*,*,,,,,*,∆* #..#,,*


You could see Ereshkigal, a Tzitzimitl, an Ice Fiend, 3 liches, 2 reapers, a
vampire knight, 5 soul eaters, 2 flayed ghosts, a sun demon, 2 shadow demons, 3
shadow wraiths, 2 orange demons, a wraith, 4 necrophages, a shadow (invisible)
and a spriggan skeleton.

Vanquished Creatures
  Antaeus (Coc:7)
  the Royal Jelly (Slime:5)
  Mara (Spider:3)
  3 ancient liches
  2 orbs of fire (Zot:2)
  Mennas (Crypt:3)
  A juggernaut (Depths:5)
  A greater mummy (Tomb:1)
  Frederick (Depths:3)
  Boris (Crypt:3)
  22 shard shrikes
  Margery (Vaults:3)
  A Killer Klown (Zot:3)
  Saint Roka (Vaults:3)
  Bai Suzhen (Spider:4)
  14 golden dragons
  21 bone dragons
  Jory (Vaults:3)
  Geryon (Hell)
  A profane servitor (Abyss:4)
  the Enchantress (Depths:1)
  Arachne (Spider:3)
  12 doom hounds
  32 Tzitzimimeh
  3 electric golems
  8 iron giants
  The ghost of Beusunoic the Cloud Mage, an adept TeAE of Ru (Spider:1)
  10 Brimstone Fiends
  10 Hell Sentinels
  20 tentacled monstrosities
  22 Ice Fiends
  2 deep elf blademasters (Elf:3)
  12 liches
  14 quicksilver dragons
  5 titans (Vaults:5)
  Asterion (Depths:1)
  29 acid blobs
  8 death cobs
  3 Executioners
  8 tentacled starspawn
  4 eldritch tentacles
  21 ancient champions
  Donald (Vaults:3)
  15 sphinxes
  Frances (Spider:1)
  6 tengu reavers (Vaults:5)
  A shadow dragon (shapeshifter) (Elf:2)
  5 draconian monks
  18 storm dragons
  3 revenants
  22 shadow dragons
  The ghost of Nataf the Eviscerator, an adept FeFi of Dithmenos (Elf:2)
  3 deep elf sorcerers
  4 draconian knights
  9 draconian scorchers
  13 azure jellies
  27 frost giants
  14 iron dragons
  Louise (Shoals:1)
  15 fire giants
  8 ghost moths
  3 cacodemons
  20 vault wardens
  5 balrugs
  6 ghouls
  2 caustic shrike zombies
  4 orc warlords
  9 emperor scorpions
  A curse skull (Crypt:3)
  7 draconian shifters
  5 deep elf elementalists
  5 draconian annihilators
  22 very ugly things
  26 war gargoyles
  A draconian stormcaller (Zot:4)
  3 elemental wellsprings (Coc:7)
  The ghost of Mandevil the Grappler, a journeyman TrSk of Cheibriados (Lair:5)
  84 reapers
  19 stone giants
  4 entropy weavers
  18 ironheart preservers
  10 spriggan defenders
  4 bennus (Tomb:1)
  3 caustic shrike skeletons (Crypt:3)
  41 starcursed masses
  A juggernaut skeleton (Crypt:2)
  6 deep elf demonologists
  10 vampire knights
  16 black draconians
  6 green draconians
  7 red draconians
  8 deep elf annihilators
  5 lorocyprocas
  The ghost of Leupn the Thaumaturge, a journeyman GnSk of Okawaru (Lair:3)
  4 spark wasps
  6 purple draconians
  5 yellow draconians
  5 white draconians
  Azrael (Elf:1)
  22 ettins
  5 eidola
  13 merfolk impalers
  2 crystal guardians
  10 mummy priests (Tomb:1)
  A merfolk javelineer (Shoals:4)
  9 deep elf death magi
  15 blizzard demons
  10 fire dragons
  6 deep elf high priests
  23 yaktaur captains
  2 kraken zombies
  21 jiangshi
  4 quicksilver dragon zombies
  2 green deaths
  12 great orbs of eyes
  10 death oozes
  5 rakshasas
  2 naga warriors (Abyss:4)
  35 vault guards
  5 hydras
  28 ice dragons
  A monstrous demonspawn (Depths:4)
  A hell beast (Dis:7)
  8 spriggan air magi
  13 centaur warriors
  2 catoblepae (Lair:5)
  15 ogre magi
  An anaconda (shapeshifter) (Vaults:5)
  A queen ant (Spider:4)
  40 two-headed ogres
  28 dancing weapons
  3 ghost crabs
  An alligator (shapeshifter) (Depths:2)
  9 tengu warriors
  6 merfolk aquamancers
  A two-headed ogre (shapeshifter) (Vaults:3)
  2 satyrs (Shoals:3)
  5 merfolk avatars
  6 death knights
  19 vampire magi
  11 death scarabs (Tomb:1)
  8 deep troll shamans
  A death yak (Lair:6)
  14 hell hogs
  11 titan zombies
  11 deep troll earth magi
  8 spriggan berserkers
  A queen ant (shapeshifter) (D:14)
  25 deep elf knights
  3 shock serpents (Zot:2)
  3 orc high priests
  14 iron golems
  10 thrashing horrors
  4 storm dragon zombies
  6 sun demons
  8 titan skeletons
  12 shadow wraiths
  8 wretched stars
  21 soul eaters
  8 iron trolls (Dis:7)
  191 skeletal warriors
  10 sixfirhies
  A sea snake (shapeshifter) (Elf:1)
  32 hell knights
  An iron troll (shapeshifter) (Vaults:5)
  A ghost moth zombie (Tar:7)
  3 golden dragon zombies
  4 storm dragon skeletons
  24 deep trolls
  12 sea snakes
  2 spatial maelstroms (Abyss:4)
  A glowing orange brain (shapeshifter) (Vaults:5)
  A torturous demonspawn (Depths:4)
  25 flayed ghosts
  A spark wasp zombie (Depths:4)
  A swamp dragon (shapeshifter) (Vaults:5)
  2 unseen horrors
  A quicksilver dragon simulacrum (Coc:7)
  10 wizards
  22 phantasmal warriors
  7 glowing orange brains
  27 shadow demons
  11 anaconda zombies
  36 harpies
  14 anaconda skeletons
  14 deep elf archers
  The ghost of a0bad the Basher, a novice MiFi of Okawaru (D:7)
  3 lindwurms (shapeshifter)
  5 shadow dragon zombies
  19 ironbrand convokers
  7 fire giant zombies
  An obsidian statue (WizLab)
  13 orc knights
  18 orb spiders
  51 deep elf magi
  13 necromancers
  3 golden dragon skeletons
  3 iron dragon zombies
  9 wolf spider zombies
  5 shadow dragon skeletons
  6 shining eyes
  40 wolf spiders
  2 worldbinders
  2 elephants (shapeshifter)
  An orc sorcerer (Orc:1)
  The ghost of stillor the Carver, a novice DsGl of Okawaru (D:7)
  A sphinx zombie (Crypt:1)
  A cyclops (shapeshifter) (Elf:2)
  13 manticores
  8 frost giant zombies
  41 ugly things
  7 elephants
  7 stone giant zombies
  9 fauns
  2 oklob plants
  A salamander (shapeshifter) (Depths:3)
  7 frost giant skeletons
  4 cyclopes
  19 moths of wrath
  6 dire elephant zombies
  2 apocalypse crabs
  2 iron dragon skeletons
  39 rust devils
  8 merfolk sirens
  6 water nymphs
  A spiny frog (shapeshifter) (D:15)
  A guardian serpent (shapeshifter) (Elf:2)
  12 vault sentinels
  2 eyes of devastation
  8 smoke demons
  6 black mambas
  4 fire giant skeletons
  6 ice statues
  A shock serpent zombie (Tar:5)
  7 guardian serpents
  26 hellions
  5 orange demons
  10 spiny frogs
  A torpor snail (shapeshifter) (Vaults:5)
  3 emperor scorpion zombies
  3 dire elephant skeletons
  2 gargoyles
  5 spectral swamp worms (Depths:2)
  A red draconian zombie (Dis:7)
  A death yak zombie (Crypt:2)
  A torpor snail (Lair:6)
  5 stone giant skeletons
  A black draconian zombie (Crypt:3)
  66 ice devils
  A rime drake (shapeshifter) (Depths:3)
  A golden dragon simulacrum (IceCv)
  3 elf skeletons
  3 komodo dragons
  2 yaktaurs (shapeshifter)
  6 anaconda simulacra
  An efreet (Abyss:4)
  6 rime drakes
  3 komodo dragons (shapeshifter)
  A sea snake zombie (Crypt:2)
  74 yaktaurs
  9 ancient zymes
  13 demonic crawlers
  A red draconian skeleton (Crypt:3)
  50 freezing wraiths
  8 guardian mummies (Tomb:1)
  A queen ant zombie (Crypt:3)
  A harpy zombie (Dis:3)
  4 catoblepas skeletons
  A death yak skeleton (Crypt:3)
  6 hellwings
  39 tormentors
  7 tengu conjurers
  10 trolls
  36 jumping spiders
  25 hydra zombies
  3 meliai (Spider:2)
  16 red devils
  A merfolk (shapeshifter) (Depths:4)
  3 silent spectres
  2 polar bears (Lair:6)
  The ghost of Kohma the Ruffian, an amateur DrTm (D:4)
  A polar bear (shapeshifter) (Vaults:4)
  A meliai (shapeshifter) (Depths:2)
  A queen bee (D:9)
  30 merfolk
  A hornet (shapeshifter) (Depths:3)
  20 hornets
  A queen bee (shapeshifter) (Vaults:5)
  102 slime creatures
  7 alligator zombies
  9 raiju
  6 wind drakes
  6 snapping turtles
  8 hydra skeletons
  28 blink frogs
  3 ettin zombies
  A harpy skeleton (Dis:7)
  5 fire dragon zombies
  A slime creature (shapeshifter) (Elf:2)
  A stone giant simulacrum (Coc:7)
  9 hippogriffs
  4 bog bodies
  2 dream sheep (Shoals:2)
  A spectral manticore (Geh:1)
  An ice dragon zombie (Coc:7)
  3 alligator skeletons
  2 black mamba zombies
  4 fire dragon skeletons
  A redback (shapeshifter) (Vaults:2)
  101 flying skulls
  6 air elementals
  5 ushabtiu (Tomb:1)
  75 redbacks
  20 spriggans
  41 wraiths
  3 wyverns
  27 shadows
  A vampire (D:14)
  4 ynoxinuls
  2 hogs (shapeshifter) (D:14)
  5 ice dragon skeletons
  A yak (shapeshifter) (Vaults:3)
  A spriggan (shapeshifter) (Elf:2)
  3 tarantellas (shapeshifter)
  28 tarantellas
  A golden eye (shapeshifter) (D:15)
  37 water elementals
  27 yaks
  2 neqoxecs (Abyss:4)
  15 golden eyes
  A basilisk (Lair:1)
  2 dire elephant simulacra
  2 black mamba skeletons
  3 chaos spawn (Abyss:4)
  A human simulacrum (Vaults:1)
  11 fire elementals
  A human (shapeshifter) (Depths:3)
  7 hungry ghosts
  A basilisk (shapeshifter) (Depths:5)
  8 wargs
  14 vampire mosquitoes
  3 death yak simulacra (IceCv)
  4 insubstantial wisps (Abyss:2)
  A naga (Abyss:4)
  A swamp worm (shapeshifter) (Elf:2)
  4 harpy simulacra (IceCv)
  15 spatial vortices
  11 spiny frog zombies
  A merfolk zombie (Dis:1)
  A soldier ant (shapeshifter) (Depths:3)
  11 soldier ants
  11 water moccasins
  A hydra simulacrum (IceCv)
  64 hell hounds
  16 porcupines
  13 large abominations
  An infernal demonspawn skeleton (WizLab)
  6 snapping turtle zombies
  A swamp drake (shapeshifter) (Vaults:1)
  A floating eye (Depths:4)
  A meliai simulacrum (D:15)
  A hornet zombie (D:14)
  69 orc warriors
  2 alligator simulacra
  A sky beast (D:7)
  4 black bears
  A spiny frog skeleton (Crypt:2)
  A black mamba simulacrum (Tomb:1)
  8 phantoms
  4 manticore zombies
  An eye of draining (shapeshifter) (Depths:2)
  16 boggarts
  A fire dragon simulacrum (Crypt:1)
  32 necrophages
  9 eyes of draining
  A swamp dragon zombie (Tar:7)
  11 ice beasts
  46 ogres
  4 swamp dragon skeletons
  7 wolves
  2 manticore skeletons
  A torpor snail zombie (Crypt:2)
  3 snapping turtle skeletons
  28 centaurs
  19 crocodiles
  4 elf zombies (Ossuary)
  2 salamander zombies (Crypt:1)
  25 bullfrogs
  3 earth elementals
  2 wyvern skeletons
  3 spiny frog simulacra
  7 scorpions
  A water moccasin zombie (Crypt:3)
  11 small abominations
  A troll zombie (Coc:1)
  30 killer bees
  A swamp dragon simulacrum (Coc:7)
  A water moccasin skeleton (D:9)
  80 wights
  4 howler monkeys (D:10)
  A howler monkey (shapeshifter) (Vaults:5)
  A troll skeleton (Coc:7)
  5 electric eels
  15 crimson imps
  11 centaur zombies
  4 bullfrog skeletons
  2 draconian simulacra (IceCv)
  5 quasits
  4 centaur skeletons
  8 bullfrog zombies
  9 hounds
  Crazy Yiuf (D:6)
  30 orc priests
  A jelly (D:12)
  38 orc wizards
  2 iguanas
  36 iron imps
  7 human zombies
  27 worker ants
  5 lightning spires (Zot:2)
  Natasha (thrice) (D:4)
  2 hell rats (Lair:5)
  4 troll simulacra (IceCv)
  A felid skeleton (Crypt:3)
  3 hound zombies
  17 mummies
  3 worker ant zombies
  20 gnolls
  A gnoll (shapeshifter) (Depths:4)
  A howler monkey skeleton (D:10)
  15 adders
  3 naga simulacra
  3 ogre simulacra
  10 river rats
  18 shadow imps
  A steam dragon skeleton (Crypt:3)
  33 white imps
  5 ufetubi
  An ooze (D:1)
  4 adder skeletons
  An adder zombie (D:8)
  7 worms
  6 ball lightnings
  A barachi skeleton (Crypt:2)
  A dart slug (D:2)
  9 leopard geckos
  A leopard gecko (shapeshifter) (Elf:2)
  150 orcs
  2 ball pythons
  6 bats
  6 giant cockroaches
  12 goblins
  16 hobgoblins
  7 jackals
  4 quokkas
  3 frilled lizards
  A frilled lizard zombie (Crypt:3)
  A gnoll zombie (Crypt:2)
  A hobgoblin skeleton (Crypt:1)
  A jackal zombie (D:6)
  5 kobolds
  2 kobold zombies
  2 quokka skeletons
  2 quokka zombies
  12 rats
  2 crawling corpses (Vaults:5)
  4 fungi
  5 plants
  3 starspawn tentacles
  3 tentacles (Coc:1)
  A withered plant (Crypt:3)
4768 creatures vanquished.

Vanquished Creatures (collateral kills)
  2 iron trolls (Dis:7)
  A rust devil (Dis:7)
  A hell hound (Dis:7)
  An iron imp (Dis:7)
5 creatures vanquished.

Vanquished Creatures (others)
  2 deep elf master archers (Elf:3)
  3 eldritch tentacles
  A shadow dragon (Vaults:5)
  A storm dragon (Zot:2)
  2 draconian shifters (Zot:2)
  2 elemental wellsprings (Coc:2)
  A black draconian (Zot:2)
  A fire dragon (Depths:1)
  5 yaktaur captains
  A vault guard (Vaults:5)
  A dancing weapon (Elf:2)
  An ogre mage (Vaults:4)
  A deep elf archer (Elf:2)
  2 cyclopes
  A deep elf mage (Vaults:4)
  A manticore (Shoals:2)
  A faun (Shoals:3)
  12 yaktaurs
  2 merfolk
  2 large abominations
  A fire elemental (Elf:2)
  A small abomination (Abyss:2)
  2 hell hounds
  A necrophage (Geh:1)
  An ogre (Vaults:4)
  2 wights (Geh:1)
  An iron imp (Dis:7)
  An orc wizard (Vaults:3)
  2 white imps
  5 ufetubi (IceCv)
  2 ball lightnings (Spider:1)
  3 orcs
  4 bushes (D:8)
  11 fungi
  25 plants
  3 spectral weapons
  23 starspawn tentacles
  3 tentacles (Coc:1)
134 creatures vanquished.

Grand Total: 4907 creatures vanquished

Notes
Turn   | Place    | Note
-------+----------+-------------------------------------------
     0 | D:1      | ReteAZ the Gnoll Gladiator began the quest for the Orb.
     0 | D:1      | Reached XP level 1. HP: 20/20 MP: 1/1
     3 | D:1      | Noticed an electric eel
     6 | D:1      | Noticed an electric eel
    81 | D:1      | Reached XP level 2. HP: 26/26 MP: 2/2
   382 | D:1      | Reached XP level 3. HP: 24/31 MP: 3/3
  1008 | D:2      | Reached skill level 1 in Invocations
  1114 | D:2      | Found a faded altar of an unknown god.
  1163 | D:1      | Reached skill level 1 in Short Blades
  1163 | D:1      | Reached skill level 1 in Long Blades
  1163 | D:1      | Reached skill level 1 in Axes
  1163 | D:1      | Reached skill level 1 in Maces & Flails
  1163 | D:1      | Reached skill level 1 in Polearms
  1163 | D:1      | Reached skill level 1 in Staves
  1163 | D:1      | Reached skill level 1 in Slings
  1163 | D:1      | Reached skill level 1 in Bows
  1163 | D:1      | Reached skill level 1 in Crossbows
  1163 | D:1      | Reached skill level 1 in Armour
  1163 | D:1      | Reached skill level 1 in Stealth
  1163 | D:1      | Reached skill level 1 in Shields
  1163 | D:1      | Reached skill level 1 in Spellcasting
  1163 | D:1      | Reached skill level 1 in Evocations
  1163 | D:1      | Reached XP level 4. HP: 24/38 MP: 5/5
  1492 | D:2      | Found a shadowy altar of Dithmenos.
  1649 | D:2      | Reached skill level 1 in Conjurations
  1649 | D:2      | Reached skill level 1 in Hexes
  1649 | D:2      | Reached skill level 1 in Charms
  1649 | D:2      | Reached skill level 1 in Summonings
  1649 | D:2      | Reached skill level 1 in Necromancy
  1649 | D:2      | Reached skill level 1 in Translocations
  1649 | D:2      | Reached skill level 1 in Transmutations
  1649 | D:2      | Reached skill level 1 in Fire Magic
  1649 | D:2      | Reached skill level 1 in Ice Magic
  1649 | D:2      | Reached skill level 1 in Air Magic
  1649 | D:2      | Reached skill level 1 in Earth Magic
  1649 | D:2      | Reached skill level 1 in Poison Magic
  1923 | D:3      | Reached XP level 5. HP: 30/43 MP: 6/6
  2374 | D:3      | Found a radiant altar of Vehumet.
  2577 | D:3      | Reached XP level 6. HP: 34/50 MP: 8/8
  3177 | D:3      | Found a snail-covered altar of Cheibriados.
  3183 | D:3      | Found a hide-covered altar of Uskayaw.
  3191 | D:3      | Became a worshipper of Cheibriados the Contemplative
  3413 | D:4      | Reached skill level 5 in Fighting
  3413 | D:4      | Reached skill level 5 in Throwing
  3682 | D:4      | Found an ornate altar of the Wu Jian Council.
  3684 | D:4      | Found a hazy altar of Hepliaklqana.
  3688 | D:4      | Found a white marble altar of Elyvilon.
  3688 | D:4      | Found a shattered altar of Ashenzari.
  3691 | D:4      | Found a sparkling altar of Nemelex Xobeh.
  3754 | D:4      | Found Rutulup's Gadget Boutique.
  3783 | D:4      | Noticed Natasha
  3790 | D:4      | Found a runed translucent gate.
  3790 | D:4      | Found a runed translucent gate.
  3792 | D:4      | Found a runed translucent gate.
  3793 | D:4      | Noticed Kohma's ghost (amateur DrTm)
  3864 | D:4      | Found a stormy altar of Qazlal.
  3903 | D:4      | Found an iron altar of Okawaru.
  3918 | D:4      | Reached XP level 7. HP: 56/56 MP: 10/10
  3967 | D:5      | Entered Level 5 of the Dungeon
  4044 | D:5      | Found Jaamih's Mayhem Merchandise.
  4408 | D:4      | Killed Natasha
  5086 | D:4      | Noticed Natasha
  5092 | D:4      | Killed Natasha
  5110 | D:4      | Found Rutulup's Gadget Boutique.
  5120 | D:4      | Found an iron altar of Okawaru.
  5369 | D:4      | Found an ornate altar of the Wu Jian Council.
  5371 | D:4      | Found a hazy altar of Hepliaklqana.
  5371 | D:4      | Noticed Natasha
  5379 | D:4      | Killed Natasha
  5381 | D:4      | Found a white marble altar of Elyvilon.
  5381 | D:4      | Found a shattered altar of Ashenzari.
  5384 | D:4      | Found a sparkling altar of Nemelex Xobeh.
  5451 | D:4      | Found a stormy altar of Qazlal.
  5485 | D:4      | Found a runed translucent gate.
  5485 | D:4      | Found a runed translucent gate.
  5485 | D:4      | Found a runed translucent gate.
  5550 | D:6      | Found Holyiq's Armour Emporium.
  5580 | D:6      | Reached XP level 8. HP: 58/63 MP: 12/12
  5598 | D:6      | Found a glowing golden altar of the Shining One.
  5698 | D:6      | Reached * piety under Cheibriados
  5763 | D:6      | Found a runed translucent door.
  5764 | D:6      | Noticed Crazy Yiuf
  5848 | D:6      | Found Inev's Weapon Emporium.
  5913 | D:6      | Found Coebum's Magic Scroll Emporium.
  5919 | D:6      | Bought a scroll of teleportation for 42 gold pieces
  5919 | D:6      | Bought a scroll of magic mapping for 49 gold pieces
  6174 | D:6      | Found Wuiceos's Jewellery Shoppe.
  6191 | D:6      | Reached ** piety under Cheibriados
  6382 | D:6      | Killed Crazy Yiuf
  6389 | D:6      | Got a fine mace
  6390 | D:6      | Identified the +11 mace "Spiderslayer" {freeze, Dex+6} (You
                  | found it on level 6 of the Dungeon)
  6449 | D:7      | Noticed a hippogriff
  6471 | D:7      | Reached XP level 9. HP: 69/69 MP: 14/14
  6579 | D:7      | Found a staircase to the Ecumenical Temple.
  6872 | D:7      | Found a runed translucent gate.
  6872 | D:7      | Found a runed translucent gate.
  6874 | D:7      | Found a runed translucent gate.
  6876 | D:7      | Noticed a0bad's ghost (novice MiFi)
  6876 | D:7      | Noticed stillor's ghost (novice DsGl)
  7216 | D:8      | Found Lih Eqar's Demolitions Depot.
  7227 | D:8      | Found a sand-covered staircase.
  7268 | Ossuary  | Entered an ossuary
  7392 | Ossuary  | Reached skill level 5 in Invocations
  7441 | Ossuary  | Reached *** piety under Cheibriados
  7474 | D:8      | Reached XP level 10. HP: 77/77 MP: 17/17
  7655 | D:8      | Reached skill level 5 in Short Blades
  7655 | D:8      | Reached skill level 5 in Long Blades
  7655 | D:8      | Reached skill level 5 in Axes
  7655 | D:8      | Reached skill level 5 in Maces & Flails
  7655 | D:8      | Reached skill level 5 in Polearms
  7655 | D:8      | Reached skill level 5 in Staves
  7655 | D:8      | Reached skill level 5 in Slings
  7655 | D:8      | Reached skill level 5 in Bows
  7655 | D:8      | Reached skill level 5 in Crossbows
  7655 | D:8      | Reached skill level 5 in Armour
  7655 | D:8      | Reached skill level 5 in Stealth
  7655 | D:8      | Reached skill level 5 in Shields
  7655 | D:8      | Reached skill level 5 in Spellcasting
  7655 | D:8      | Reached skill level 5 in Evocations
  7658 | D:8      | Found a staircase to the Lair.
  7675 | D:8      | Found a blossoming altar of Fedhas.
  7807 | D:8      | Found a basalt altar of Yredelemnul.
  7836 | D:8      | Noticed a profane servitor
  7916 | D:8      | Found a glowing golden altar of the Shining One.
  8236 | D:8      | Noticed an angel
  8427 | D:9      | Found an ancient bone altar of Kikubaaqudgha.
  8466 | D:9      | Found an opulent altar of Gozag.
  8489 | D:9      | Reached **** piety under Cheibriados
  8610 | D:9      | Noticed a skeletal warrior
  8638 | D:9      | Noticed a necromancer
  8646 | D:9      | Killed a necromancer
  8647 | D:9      | Reached XP level 11. HP: 69/84 MP: 19/19
  8649 | D:9      | Reached ***** piety under Cheibriados
  8701 | D:9      | Killed a skeletal warrior
  8936 | D:9      | Found a staircase to the Orcish Mines.
  9039 | D:9      | Reached skill level 5 in Conjurations
  9039 | D:9      | Reached skill level 5 in Hexes
  9039 | D:9      | Reached skill level 5 in Charms
  9039 | D:9      | Reached skill level 5 in Summonings
  9039 | D:9      | Reached skill level 5 in Necromancy
  9039 | D:9      | Reached skill level 5 in Translocations
  9039 | D:9      | Reached skill level 5 in Transmutations
  9039 | D:9      | Reached skill level 5 in Fire Magic
  9039 | D:9      | Reached skill level 5 in Ice Magic
  9039 | D:9      | Reached skill level 5 in Air Magic
  9039 | D:9      | Reached skill level 5 in Earth Magic
  9039 | D:9      | Reached skill level 5 in Poison Magic
 10169 | Lair:1   | Entered Level 1 of the Lair of Beasts
 10688 | Lair:1   | Reached ****** piety under Cheibriados
 10713 | Lair:1   | Reached XP level 12. HP: 93/93 MP: 22/22
 11329 | Lair:2   | Found a hole to the Spider Nest.
 12235 | Lair:3   | Reached skill level 10 in Dodging
 12235 | Lair:3   | Reached skill level 10 in Unarmed Combat
 12547 | Lair:3   | Paralysed by a floating eye for 2 turns
 12550 | Lair:3   | Paralysed by a floating eye for 4 turns
 12555 | Lair:3   | Paralysed by a floating eye for 3 turns
 12610 | Lair:3   | Found a runed translucent gate.
 12611 | Lair:3   | Found a runed translucent gate.
 12612 | Lair:3   | Found a runed translucent gate.
 12613 | Lair:3   | Noticed Leupn's ghost (journeyman GnSk)
 13164 | Lair:4   | Reached XP level 13. HP: 101/101 MP: 24/24
 13197 | Lair:4   | Found a staircase to the Shoals.
 14293 | Lair:5   | Found a staircase to the Slime Pits.
 14294 | Lair:5   | Found a viscous altar of Jiyva.
 14349 | Lair:5   | Found a runed translucent door.
 15057 | Lair:5   | Noticed Mandevil's ghost (journeyman TrSk)
 15083 | Lair:6   | Entered Level 6 of the Lair of Beasts
 15165 | Lair:6   | Reached XP level 14. HP: 109/109 MP: 26/26
 15325 | Lair:6   | Got a crude tin ring
 15334 | Lair:6   | Identified the ring "Wacimush" {Int+4 Slay+2} (You found it
                  | on level 6 of the Lair of Beasts)
 15379 | Lair:6   | Reached skill level 10 in Fighting
 15379 | Lair:6   | Reached skill level 10 in Throwing
 15841 | Lair:6   | Noticed a dire elephant
 15895 | Lair:6   | Found a burning altar of Makhleb.
 15924 | Lair:6   | Found a gateway to Hell.
 16515 | D:4      | Killed Kohma's ghost
 16672 | D:7      | Killed stillor's ghost
 16677 | D:7      | Killed a0bad's ghost
 16806 | D:10     | Entered Level 10 of the Dungeon
 17245 | D:10     | Reached skill level 10 in Invocations
 17633 | D:10     | Got a warped chain mail
 17644 | D:10     | Identified the cursed +0 chain mail of the Turtle {rPois}
                  | (You found it on level 10 of the Dungeon)
 17821 | D:11     | Found Qoul's Book Shop.
 17881 | D:11     | Found Seam's Antique Armour Shop.
 17906 | D:11     | Bought a pair of embroidered boots for 187 gold pieces
 18158 | D:11     | Found Tus Lixa's Book Emporium.
 18495 | D:6      | Bought the +4 kite shield of Ximure Moicy {Int+8 Dex+4
                  | Stlth-} for 663 gold pieces
 18645 | Spider:1 | Entered Level 1 of the Spider Nest
 18652 | Spider:1 | Noticed Frances
 18657 | Spider:1 | Killed Frances
 18996 | Spider:1 | Reached XP level 15. HP: 90/117 MP: 28/28
 19317 | Spider:1 | Found a large runed translucent door.
 19318 | Spider:1 | Found a large runed translucent door.
 19321 | Spider:1 | Noticed Beusunoic's ghost (adept TeAE)
 19574 | Spider:1 | Killed a ghost moth
 19704 | Spider:2 | Found the +10 morningstar "Eos" {elec, Halo rElec}
 20271 | Spider:3 | Reached skill level 10 in Short Blades
 20271 | Spider:3 | Reached skill level 10 in Long Blades
 20271 | Spider:3 | Reached skill level 10 in Axes
 20271 | Spider:3 | Reached skill level 10 in Maces & Flails
 20271 | Spider:3 | Reached skill level 10 in Polearms
 20271 | Spider:3 | Reached skill level 10 in Staves
 20271 | Spider:3 | Reached skill level 10 in Slings
 20271 | Spider:3 | Reached skill level 10 in Bows
 20271 | Spider:3 | Reached skill level 10 in Crossbows
 20271 | Spider:3 | Reached skill level 10 in Armour
 20271 | Spider:3 | Reached skill level 10 in Stealth
 20271 | Spider:3 | Reached skill level 10 in Shields
 20271 | Spider:3 | Reached skill level 10 in Spellcasting
 20271 | Spider:3 | Reached skill level 10 in Evocations
 20375 | Spider:3 | Noticed an emperor scorpion
 20392 | Spider:3 | Killed an emperor scorpion
 20596 | Spider:3 | Noticed a ghost moth
 20601 | Spider:3 | Killed a ghost moth
 20696 | Spider:3 | Noticed an emperor scorpion
 20707 | Spider:3 | Killed an emperor scorpion
 20752 | Spider:3 | Noticed Mara
 20754 | Spider:3 | Noticed ReteAZ's illusion
 20764 | Spider:3 | Killed Mara
 20764 | Spider:3 | Reached XP level 16. HP: 40/125 MP: 9/30
 21015 | Spider:4 | Entered Level 4 of the Spider Nest
 21248 | Spider:4 | Noticed Bai Suzhen
 21848 | Spider:4 | Noticed Arachne
 21870 | Spider:3 | Killed Arachne
 22505 | Spider:4 | Killed Bai Suzhen
 22756 | Spider:4 | Reached XP level 17. HP: 118/133 MP: 32/32
 23203 | Spider:4 | Got a gossamer rune of Zot
 23470 | Orc:1    | Entered Level 1 of the Orcish Mines
 23568 | Orc:2    | Entered Level 2 of the Orcish Mines
 24015 | Orc:2    | Found a roughly hewn altar of Beogh.
 24127 | Orc:2    | Found a roughly hewn altar of Beogh.
 24326 | Orc:2    | Found a roughly hewn altar of Beogh.
 24340 | Orc:2    | Found Kianuneell's General Store.
 24404 | Orc:2    | Found a staircase to the Elven Halls.
 24466 | Orc:2    | Found a roughly hewn altar of Beogh.
 24476 | Orc:2    | Found Hoergh's Antique Weapon Shoppe.
 24693 | Orc:1    | Found a roughly hewn altar of Beogh.
 25075 | Orc:2    | Found Pulusy's Antique Weapon Boutique.
 25076 | Orc:2    | Found a roughly hewn altar of Beogh.
 25081 | Orc:2    | Found Sasos's Antique Armour Shop.
 26075 | D:13     | Found the +10 Black Knight's horse barding {ponderous,
                  | rPois rN+}
 26288 | D:14     | Found a gate to the Vaults.
 27103 | D:15     | Entered Level 15 of the Dungeon
 27310 | D:15     | Reached skill level 10 in Conjurations
 27310 | D:15     | Reached skill level 10 in Hexes
 27310 | D:15     | Reached skill level 10 in Charms
 27310 | D:15     | Reached skill level 10 in Summonings
 27310 | D:15     | Reached skill level 10 in Necromancy
 27310 | D:15     | Reached skill level 10 in Translocations
 27310 | D:15     | Reached skill level 10 in Transmutations
 27310 | D:15     | Reached skill level 10 in Fire Magic
 27310 | D:15     | Reached skill level 10 in Ice Magic
 27310 | D:15     | Reached skill level 10 in Air Magic
 27310 | D:15     | Reached skill level 10 in Earth Magic
 27310 | D:15     | Reached skill level 10 in Poison Magic
 27498 | D:15     | Reached XP level 18. HP: 140/141 MP: 33/33
 27522 | D:15     | Found a staircase to the Depths.
 28120 | Vaults:1 | Entered Level 1 of the Vaults
 29674 | D:11     | Bought Turphaetiu's Incunabulum of the Lucky Mountains for
                  | 825 gold pieces
 29681 | D:11     | Learned a level 6 spell: Deflect Missiles
 29827 | Shoals:1 | Entered Level 1 of the Shoals
 30151 | Shoals:1 | Reached XP level 19. HP: 149/149 MP: 35/35
 30195 | Shoals:1 | Noticed Louise
 30208 | Shoals:1 | Cast into level 2 of the Abyss (Louise)
 30217 | Abyss:2  | Identified the Catalogue of Supportive Evil
 30383 | Shoals:1 | Escaped the Abyss
 30394 | Shoals:1 | Killed Louise
 30733 | Shoals:2 | Found a flickering gateway to a bazaar.
 30742 | Bazaar   | Entered a bazaar
 30756 | Bazaar   | Found Iphal's Antique Armour Emporium.
 30774 | Bazaar   | Found Zofawar's General Store.
 30774 | Bazaar   | Found Suomm's Armour Shoppe.
 30809 | Bazaar   | Found Foivav's Food Emporium.
 30871 | Bazaar   | Bought a +4 amulet of reflection for 324 gold pieces
 32606 | Shoals:4 | Entered Level 4 of the Shoals
 33134 | Shoals:4 | Found the +7 sceptre of Torment {pain, torment}
 33242 | Shoals:4 | Got a barnacled rune of Zot
 34701 | Vaults:2 | Reached XP level 20. HP: 136/157 MP: 36/36
 35544 | Vaults:2 | Found a staircase to the Crypt.
 36218 | Vaults:3 | Noticed Saint Roka
 36230 | Vaults:3 | Killed Saint Roka
 36754 | Vaults:3 | Noticed Margery
 36766 | Vaults:3 | Noticed Donald
 36770 | Vaults:3 | Noticed Jory
 36779 | Vaults:3 | Killed Margery
 36779 | Vaults:3 | Killed Donald
 36800 | Vaults:3 | Killed Jory
 37124 | Vaults:3 | Reached XP level 21. HP: 164/165 MP: 38/38
 38087 | Vaults:3 | Got a twisted ring mail
 38088 | Vaults:3 | Identified the cursed +1 ring mail of Uskesch {Regen+} (You
                  | found it on level 3 of the Vaults)
 38728 | Vaults:4 | Found Viawk's Weapon Shoppe.
 38851 | Vaults:4 | Reached skill level 15 in Dodging
 38851 | Vaults:4 | Reached skill level 15 in Unarmed Combat
 39035 | Vaults:4 | Reached skill level 15 in Invocations
 40121 | Elf:1    | Entered Level 1 of the Elven Halls
 40248 | Elf:1    | Found Ysipar's Food Boutique.
 40248 | Elf:1    | Found Biofurresch's Food Shop.
 40335 | Elf:1    | Noticed Azrael
 40352 | Elf:1    | Killed Azrael
 40367 | Elf:1    | Reached XP level 22. HP: 60/173 MP: 40/40
 41723 | Elf:2    | Found a frozen archway.
 41791 | IceCv    | Entered an ice cave
 41844 | IceCv    | Got a warped iron ring
 41868 | IceCv    | HP: 8/174 [golden dragon simulacrum (28)]
 43442 | Elf:2    | Found Ybbuzinn's Antique Weapon Boutique.
 43711 | Elf:2    | Found a transporter.
 43715 | Elf:2    | Noticed Nataf's ghost (adept FeFi)
 43734 | Elf:2    | Found a transporter.
 43801 | Elf:2    | Found a runed translucent gate.
 43803 | Elf:2    | Found a runed translucent gate.
 43806 | Elf:2    | Found a runed translucent gate.
 44221 | Elf:2    | Reached skill level 15 in Fighting
 44221 | Elf:2    | Reached skill level 15 in Throwing
 44386 | Elf:2    | Identified the ring "Ostir" {*Tele *Slow rC+ MP+9 Slay+3}
                  | (You found it in an ice cave)
 44479 | Elf:3    | Entered Level 3 of the Elven Halls
 45929 | Elf:3    | Found the +5 demon whip "Spellbinder" {antimagic, MR+}
 45929 | Elf:3    | Found the amulet of Vitality {Regen+ HP+15}
 45950 | Elf:3    | Got a crude crystal amulet
 45952 | Elf:3    | Identified the amulet of Balance {+Blink Regen+ Str+4 Int+3
                  | Dex-2} (You found it on level 3 of the Elven Halls)
 45964 | Elf:3    | Identified the amulet of the Stallion {+Rage Str-3 Dex+4}
                  | (You found it on level 3 of the Elven Halls)
 46078 | Elf:3    | Got a scorched ring mail
 46089 | Elf:3    | Identified the +3 ring mail of the Rabble {rC+ Int+4} (You
                  | found it on level 3 of the Elven Halls)
 46201 | Elf:3    | Learned a level 5 spell: Silence
 47100 | D:15     | Upgraded the game from 0.25-a0-591-g2ad0d861f1 to
                  | 0.25-a0-597-gb30770a0c0
 47321 | Vaults:5 | Entered Level 5 of the Vaults
 47328 | Vaults:4 | Reached XP level 23. HP: 181/181 MP: 41/41
 47377 | Vaults:5 | Reached skill level 15 in Polearms
 47448 | Vaults:5 | Reached skill level 15 in Short Blades
 47448 | Vaults:5 | Reached skill level 15 in Long Blades
 47448 | Vaults:5 | Reached skill level 15 in Axes
 47448 | Vaults:5 | Reached skill level 15 in Maces & Flails
 47448 | Vaults:5 | Reached skill level 15 in Staves
 47448 | Vaults:5 | Reached skill level 15 in Slings
 47448 | Vaults:5 | Reached skill level 15 in Bows
 47448 | Vaults:5 | Reached skill level 15 in Crossbows
 47448 | Vaults:5 | Reached skill level 15 in Armour
 47448 | Vaults:5 | Reached skill level 15 in Stealth
 47448 | Vaults:5 | Reached skill level 15 in Shields
 47448 | Vaults:5 | Reached skill level 15 in Spellcasting
 47448 | Vaults:5 | Reached skill level 15 in Evocations
 47719 | Vaults:5 | Identified the +9 great sword of Linearity {vorpal, rPois}
 47822 | Vaults:5 | Identified the +7 rapier of False Accusations {flame, +Inv
                  | rF+}
 48003 | Vaults:5 | Identified Sif Muna's Almanac of Frigorific Transmigration
 48089 | Vaults:5 | Got a steaming helmet
 48106 | Vaults:5 | Identified the +4 helmet "Iqat" {rPois} (You found it on
                  | level 5 of the Vaults)
 48128 | Vaults:5 | Reached XP level 24. HP: 190/190 MP: 42/42
 48213 | Vaults:5 | Identified the +2 scale mail of Crawling {rElec MR++ Str+3
                  | Stlth+}
 48328 | Vaults:5 | Identified the +8 long sword of the Two Names {freeze,
                  | rElec}
 48874 | Vaults:5 | Got a silver rune of Zot
 49942 | Lair:3   | Killed Leupn's ghost
 50045 | Lair:5   | Killed Mandevil's ghost
 50325 | Elf:2    | Paralysed by a floating eye for 3 turns
 50329 | Elf:2    | Killed Nataf's ghost
 50337 | Elf:2    | Got an ancient iron ring
 50353 | Elf:2    | Identified the ring "Kiziaby" {rF+ Str+2 Slay+3} (You found
                  | it on level 2 of the Elven Halls)
 50672 | Depths:1 | Entered Level 1 of the Depths
 50672 | Depths:1 | Noticed the Enchantress
 50684 | Depths:1 | Killed the Enchantress
 51149 | Depths:1 | Reached XP level 25. HP: 110/197 MP: 33/42
 51392 | Depths:1 | Identified a +2 pair of boots of running (You found it on
                  | level 1 of the Depths)
 51463 | Depths:1 | Noticed Asterion
 51467 | Depths:1 | Killed Asterion
 51520 | Depths:1 | Found a one-way gate leading to the halls of Pandemonium.
 51883 | Depths:1 | Found a one-way gate to the infinite horrors of the Abyss.
 52107 | Depths:2 | Found a transporter.
 52300 | Depths:2 | Found a transporter.
 52333 | Depths:2 | Found Byppaebb's Gadget Shop.
 52959 | Depths:2 | Identified the Compendium of Stones and Confrontation
 52966 | Depths:2 | Identified the amulet of Elyvilon's Vengeance {Gourm rPois
                  | Dex+3} (You found it on level 2 of the Depths)
 52998 | Depths:2 | Identified the ring "Uzeisim" {Ice Str+7 Int+2} (You found
                  | it on level 2 of the Depths)
 53152 | Depths:3 | Found Moadoe's Book Emporium.
 53195 | Depths:3 | Learned a level 6 spell: Statue Form
 53216 | Depths:3 | Identified the ring of Xom's Sleight of Hands {rF+ rC+
                  | Str-3 Int+2}
 53451 | Depths:3 | Identified the ring "Vig Bony" {rElec Int+3 Dex+3} (You
                  | found it on level 3 of the Depths)
 53520 | Depths:3 | Reached XP level 26. HP: 207/207 MP: 43/43
 53553 | Depths:3 | Noticed Frederick
 53575 | Depths:3 | Killed Frederick
 53665 | Depths:3 | Identified the ring "Zucetzut" {rPois rN+ MR- Str+3 SInv}
                  | (You found it on level 3 of the Depths)
 53882 | Depths:3 | Identified the +1 long sword of Xaf Rei {pain, rF+ rC++}
 54148 | Depths:4 | Found Wuriun's General Store.
 54618 | Depths:4 | Identified a scroll of acquirement
 54923 | Depths:4 | Identified the +9 morningstar of Karma {vorpal, +Rage SInv
                  | Stlth+}
 54923 | Depths:4 | Identified the ring of Ozup {Ice +Fly rPois rN+ MR- Str+2}
 55237 | Depths:4 | Identified the ring "Emobboul" {rN+ SInv} (You acquired it
                  | on level 4 of the Depths)
 55816 | Depths:5 | Entered Level 5 of the Depths
 55868 | Depths:5 | Reached XP level 27. HP: 215/215 MP: 43/44
 55896 | Depths:5 | Found a magical portal.
 55910 | WizLab   | Found a transporter.
 55917 | WizLab   | Found a corrupted altar of Lugonu.
 55918 | WizLab   | Found the +1 cloak of Starlight {rElec rC+ EV+4 Stlth--}
 55969 | WizLab   | Found a transporter.
 56005 | WizLab   | Found a corrupted altar of Lugonu.
 56046 | WizLab   | Found a transporter.
 56110 | WizLab   | Found a transporter.
 56134 | WizLab   | Found a transporter.
 56137 | WizLab   | Found a transporter.
 56157 | WizLab   | Found a corrupted altar of Lugonu.
 56160 | WizLab   | Found a transporter.
 56206 | WizLab   | Found a transporter.
 56232 | WizLab   | Found a transporter.
 56265 | WizLab   | Found a transporter.
 56285 | WizLab   | Found a transporter.
 56450 | WizLab   | Found a transporter.
 56450 | WizLab   | Found a transporter.
 56470 | WizLab   | Found a transporter.
 56494 | WizLab   | Found a transporter.
 56494 | WizLab   | Found a transporter.
 56565 | WizLab   | Found a transporter.
 56584 | WizLab   | Identified Golubria's Catalogue of Displacement
 56621 | WizLab   | Found a transporter.
 56657 | WizLab   | Identified the +0 cloak "Zielucw" {rC- MR+ Int+3} (You
                  | found it in a wizard's laboratory)
 56741 | WizLab   | Found a transporter.
 56741 | WizLab   | Found a transporter.
 57026 | Depths:5 | Found a gateway to a ziggurat.
 57285 | Depths:5 | Noticed a juggernaut
 57301 | Depths:5 | Killed a juggernaut
 57812 | Depths:5 | Found a gate to the Realm of Zot.
 58170 | Crypt:1  | Entered Level 1 of the Crypt
 58612 | Crypt:1  | Identified the ring "Ipaa" {+Blink Str+3 Int+6} (You found
                  | it on level 1 of the Crypt)
 58903 | Crypt:1  | Reached skill level 15 in Conjurations
 58903 | Crypt:1  | Reached skill level 15 in Hexes
 58903 | Crypt:1  | Reached skill level 15 in Charms
 58903 | Crypt:1  | Reached skill level 15 in Summonings
 58903 | Crypt:1  | Reached skill level 15 in Necromancy
 58903 | Crypt:1  | Reached skill level 15 in Translocations
 58903 | Crypt:1  | Reached skill level 15 in Transmutations
 58903 | Crypt:1  | Reached skill level 15 in Fire Magic
 58903 | Crypt:1  | Reached skill level 15 in Ice Magic
 58903 | Crypt:1  | Reached skill level 15 in Air Magic
 58903 | Crypt:1  | Reached skill level 15 in Earth Magic
 58903 | Crypt:1  | Reached skill level 15 in Poison Magic
 59782 | Crypt:3  | Entered Level 3 of the Crypt
 59858 | Crypt:3  | Identified the cursed +0 ring mail of Mycesim {rN+ MR+ MP+9
                  | Int+4} (You found it on level 3 of the Crypt)
 59926 | Crypt:3  | Noticed Mennas
 59962 | Crypt:3  | Killed Mennas
 59997 | Crypt:3  | Identified the +1 robe "Ocugia Bojush" {rN+ Str-5 Dex+2}
                  | (You found it on level 3 of the Crypt)
 60074 | Crypt:3  | Noticed Boris
 60079 | Crypt:3  | Killed Boris
 60788 | Crypt:3  | Found a staircase to the Tomb.
 60906 | Crypt:3  | Noticed an ancient lich
 60916 | Crypt:3  | Killed an ancient lich
 60918 | Crypt:3  | Found the +2 Maxwell's thermic engine {flame, freeze}
 60955 | Crypt:3  | Identified the +11 trident of Dithmenos's Delight {speed,
                  | MR+ Dex+3 SInv} (You found it on level 3 of the Crypt)
 61481 | D:11     | Bought a book of Battle for 480 gold pieces
 61485 | D:11     | Learned a level 3 spell: Spectral Weapon
 61710 | Slime:1  | Entered Level 1 of the Pits of Slime
 61833 | Slime:1  | Gained mutation: You are partially covered in iridescent
                  | scales. (AC +2) [a shining eye]
 62323 | Slime:5  | Entered Level 5 of the Pits of Slime
 62365 | Slime:5  | Gained mutation: You are clumsy. (Dex -2) [a shining eye]
 62367 | Slime:5  | Gained mutation: Your body sometimes deteriorates upon
                  | taking damage. [a shining eye]
 62403 | Slime:5  | Gained mutation: You expend magic power (3 MP) to
                  | strengthen your wands. [a shining eye]
 62408 | Slime:5  | Noticed the Royal Jelly
 62417 | Slime:5  | Gained mutation: You tend to lose your temper in combat. [a
                  | shining eye]
 62421 | Slime:5  | Gained mutation: You are weak. (Str -2) [a shining eye]
 62424 | Slime:5  | Gained mutation: Your body often deteriorates upon taking
                  | damage. [a shining eye]
 62937 | Slime:5  | Killed the Royal Jelly
 63240 | Slime:5  | Got a slimy rune of Zot
 63260 | Slime:5  | Got a transparent golden ring
 63384 | Slime:5  | Identified the +1 scale mail of Pigg {-Cast +Blink +Fly}
                  | (You found it on level 5 of the Pits of Slime)
 63388 | Slime:5  | Identified the ring "Giwnam" {Fire rPois Int+4} (You found
                  | it on level 5 of the Pits of Slime)
 63391 | Slime:5  | Identified the ring "Pogippesm" {rF- Str+7 Dex+5 Stlth+}
                  | (You found it on level 5 of the Pits of Slime)
 63411 | Slime:5  | Got a crude silver ring
 63412 | Slime:5  | Identified the ring of Topockor {rF+ Int+4 Dex+3} (You
                  | found it on level 5 of the Pits of Slime)
 63439 | Slime:5  | Identified the +6 plate armour "Obrareus" {rC++ rN+} (You
                  | found it on level 5 of the Pits of Slime)
 63846 | Lair:5   | Lost mutation: You are weak. (Str -2) [potion of mutation]
 63846 | Lair:5   | Lost mutation: You are clumsy. (Dex -2) [potion of
                  | mutation]
 63846 | Lair:5   | Lost mutation: You tend to lose your temper in combat.
                  | [potion of mutation]
 63846 | Lair:5   | Lost mutation: You expend magic power (3 MP) to strengthen
                  | your wands. [potion of mutation]
 63846 | Lair:5   | Gained mutation: Your system is resistant to poisons.
                  | (rPois) [potion of mutation]
 63846 | Lair:5   | Gained mutation: You are weak. (Str -2) [potion of
                  | mutation]
 63846 | Lair:5   | Gained mutation: You have a pair of small horns on your
                  | head. [potion of mutation]
 63919 | Hell     | Entered the Vestibule of Hell
 63922 | Hell     | Noticed Geryon
 63966 | Hell     | Killed Geryon
 64153 | Hell     | Found a gateway to the ashen valley of Gehenna.
 64239 | Hell     | Found a gateway to the Iron City of Dis.
 64321 | Hell     | Found a gateway to the freezing wastes of Cocytus.
 64504 | Hell     | Found a gateway to the decaying netherworld of Tartarus.
 64847 | Spider:1 | Killed Beusunoic's ghost
 65321 | Tomb:1   | Entered Level 1 of the Tomb of the Ancients
 65426 | Tomb:1   | Noticed a greater mummy
 65446 | Tomb:1   | Killed a greater mummy
 66147 | Tomb:1   | Identified Etinn's Tome of Companions and the Traveller
 66883 | Vaults:4 | Identified the +3 leather armour of Kadd {Dex+4} (You found
                  | it on level 4 of the Vaults)
 66924 | Vaults:4 | Learned a level 8 spell: Necromutation
 67373 | Zot:1    | Entered Level 1 of the Realm of Zot
 67454 | Zot:1    | Identified the +5 lajatang of Big Damage {flame, +Inv Str+8
                  | Dex-4}
 67623 | Zot:1    | Identified Siec's Reference Book on Weightlessness
 68539 | Zot:2    | Found a runed translucent gate.
 68539 | Zot:2    | Found a runed translucent gate.
 68539 | Zot:2    | Found a runed translucent gate.
 68539 | Zot:2    | Noticed Puegucze's ghost (legendary GnCj)
 68681 | Zot:2    | Noticed an orb of fire
 68682 | Zot:2    | Noticed an orb of fire
 68688 | Zot:2    | Killed an orb of fire
 68701 | Zot:2    | Killed an orb of fire
 72100 | Depths:1 | Voluntarily entered the Abyss.
 72712 | Abyss:2  | Noticed an ancient lich
 72715 | Abyss:2  | Killed an ancient lich
 73057 | Abyss:4  | Paralysed by accursed screaming for 2 turns
 73124 | Abyss:4  | Got an abyssal rune of Zot
 73618 | Abyss:4  | Paralysed by accursed screaming for 1 turns
 73787 | Depths:1 | Escaped the Abyss
 73798 | Depths:1 | Learned a level 8 spell: Controlled Blink
 74304 | Coc:1    | Entered Level 1 of Cocytus
 76104 | Coc:7    | Entered Level 7 of Cocytus
 76605 | Coc:7    | Identified the cursed +0 ring mail "Loobyej" {*Corrode
                  | rPois rF+ Dex+6} (You found it on level 7 of Cocytus)
 77192 | Coc:7    | Noticed Antaeus
 77222 | Coc:7    | Killed Antaeus
 77279 | Coc:7    | Got an icy rune of Zot
 77281 | Coc:7    | Identified the +16 plate armour of a treasure trove {+Fly
                  | Str+5 Int-3} (You found it on level 7 of Cocytus)
 77503 | Coc:7    | Gained mutation: You tend to lose your temper in combat. [a
                  | cacodemon]
 77597 | Hell     | Lost mutation: You tend to lose your temper in combat.
                  | [potion of mutation]
 77597 | Hell     | Lost mutation: You are weak. (Str -2) [potion of mutation]
 77597 | Hell     | Gained mutation: Your spells are a little harder to cast,
                  | but a little more powerful. [potion of mutation]
 77597 | Hell     | Gained mutation: You expend magic power (3 MP) to
                  | strengthen your wands. [potion of mutation]
 77638 | Dis:1    | Entered Level 1 of the Iron City of Dis
 78970 | Dis:3    | You are sucked into a shaft and drop 1 floor!
 79297 | Dis:5    | Found a burning altar of Makhleb.
 79617 | Dis:7    | Entered Level 7 of the Iron City of Dis
 80728 | Dis:7    | Identified the Papyrus of Ashen Boosts
 81861 | Dis:7    | Identified the ring of the Cicada {Int+7 Stlth+}
 81948 | Dis:7    | Identified the +4 staff of Dispater
 81948 | Dis:7    | Noticed Dispater
 82592 | Dis:7    | Got an iron rune of Zot
 82597 | Dis:7    | Identified the amulet of the Tarantula {Acrobat rN+ Int+6
                  | Dex+6} (You found it on level 7 of the Iron City of Dis)
 82772 | Tar:1    | Entered Level 1 of Tartarus
 83201 | Geh:1    | Entered Level 1 of Gehenna
 83566 | Geh:1    | Noticed an ancient lich
 83580 | Geh:1    | Killed an ancient lich
 86547 | Hell     | Upgraded the game from 0.25-a0-597-gb30770a0c0 to
                  | 0.25-a0-617-g20d90ebb82
 86547 | Hell     | Upgraded the game from 0.25-a0-617-g20d90ebb82 to
                  | 0.25-a0-632-g7713895373
 86547 | Hell     | Upgraded the game from 0.25-a0-632-g7713895373 to
                  | 0.25-a0-645-gb4487340cb
 86945 | Tar:7    | Entered Level 7 of Tartarus
 87048 | Tar:7    | Got a glittering ivory ring
 87049 | Tar:7    | Identified the cursed ring of Culi {rElec MP+9 Str-2 Int-3
                  | Stlth+} (You found it on level 7 of Tartarus)
 87170 | Tar:7    | Identified the Handbook of Creation
 87538 | Tar:7    | Identified Sif Muna's Catalogue of Hurtful Aid
 87628 | Tar:7    | Noticed Ereshkigal
 87653 | Tar:7    | Slain by an Ice Fiend

Levels and vault maps discovered:
D:1:      arrival_aquarium_b, layout_basic, minmay_tromino_mix6
D:2:      layout_loops_ring, grunt_dithmenos_smoke_and_mirrors,
          chequers_ecumenical_altar_island
D:3:      layout_loops_corners, vehumet_crystals,
          gammafunk_temple_overflow_pools, first_ration
D:4:      layout_rooms, nicolae_overflow_hidden_temple,
          lemuel_coloured_pillars_altar, minitemple, gammafunk_ghost_split,
          serial_shops, shop, minmay_fire_ice_demons, uniq_natasha
D:5:      layout_cave_pods, minmay_shop_mayhem, minmay_statues_item,
          corexii_checkpoint_a
D:6:      layout_rooms, serial_shops, nicolae_shop_crystal, shop, shop,
          kennysheep_mini_moat, lightli_sewer_entry_pipes, grunt_ministairs_9,
          tso_metal_star, uniq_crazy_yiuf_cottage
D:7:      layout_cave_pods, temple_green, gammafunk_ghost_cemetery
D:8:      layout_basic, grunt_temple_overflow_holy_war,
          fedhas_altar_decomposition, due_lair_maze_entry_diamond,
          nicolae_ossuary_entry_false_entrances, nicolae_blasting_shop
D:9:      hangedman_screamer, layout_layer_cave, grunt_temple_overflow_open,
          hiddenorc2_lemuel, special_room [special_room_bee]
D:10:     layout_cave_pods, grunt_ogre_cave
D:11:     layout_irregular_city, serial_shops, shop,
          nicolae_shop_temple_entry_statues_fountains, kennysheep_little_box
D:12:     layout_rooms, hangedman_decor_growths, minmay_misc_feat_alley,
          minmay_holes
D:13:     layout_rooms, kennysheep_decorative_pillar
D:14:     layout_loops_corners, david_vaults_2, kennysheep_generic_room_7
D:15:     grunt_enter_depths_hoard, layout_grid_maze, serial_rivers,
          chequers_serial_rivers_micro_c, chequers_serial_rivers_micro_a,
          chequers_serial_rivers_micro_c, chequers_serial_rivers_small_b,
          chequers_serial_rivers_micro_d, chequers_serial_rivers_small_a,
          grunt_ministairs_15
Lair:1:   layout_cave_pods, minivault_24
Lair:2:   layout_cave_pods, spider_nest_entry_web_field, beast_lair_carwin_9
Lair:3:   layout_roguey, ebering_ghost_rock_garden, disabler_island
Lair:4:   kb_forest_paths, layout_small_grid, shoals_dummy_entry
Lair:5:   nzn_motion_control, layout_long_grid, slime_altar_1,
          ebering_ghost_reflecting_pool, kennysheep_rathole, grunt_megastairs_4
Lair:6:   evil_forest, layout_regular_city
Shoals:1: layout_shoals, uniq_louise
Shoals:2: layout_shoals, serial_shops, bzr_firewalk
Shoals:3: layout_shoals
Shoals:4: shoals_end_grunt_ice, layout_shoals
Spider:1: layout_spider_delve, ebering_ghost_disaster_area, uniq_frances
Spider:2: layout_spider_delve
Spider:3: layout_spider_delve, uniq_mara
Spider:4: grunt_spider_rune_circles, minmay_another_anthill, uniq_bai_suzhen,
          uniq_arachne
Slime:1:  layout_caves
Slime:2:  layout_caves
Slime:3:  layout_caves
Slime:4:  layout_caves
Slime:5
Orc:1:    layout_caves, basic_altar, mines3_lemuel
Orc:2:    grunt_orc_community_town_hall, layout_caves,
          grunt_orc_community_big_house_2, grunt_orc_community_big_house_1,
          grunt_orc_community_house_1, grunt_orc_community_house_2,
          grunt_orc_community_house_3, grunt_orc_community_house_2,
          grunt_orc_community_house_1, grunt_orc_community_house_1, basic_altar
Elf:1:    elf_arrival_001, layout_loops_corners, evilmike_minifort,
          minmay_shoptagon, uniq_azrael
Elf:2:    layout_gridlike, gammafunk_ghost_berserking_beasts, serial_shops,
          shop, portal_ice_cave_entry_ice_statue_one
Elf:3:    elf_hall_gauntlet_narrow, layout_geoelf_castle, special_room
          [special_room_orc], minivault_14, columned_hall_lemuel
Vaults:1: st_diamondy, ontoclasm_vaults_chip, nicolae_vaults_mini_display_case,
          v_misc_2, ontoclasm_vaults_misaligned, v_pattern_5,
          nicolae_vaults_theta, nicolae_vaults_ring_of_whatevers,
          ontoclasm_vaults_ligature, nicolae_vaults_little_squares_6, v_misc_12,
          hangedman_vaults_capsules, layout_vaults_big_room
Vaults:2: minmay_crypt_entry_simple_box, v_alt_pattern_2,
          hangedman_vaults_variations, nicolae_vaults_network_barrier,
          v_pattern_2, hangedman_vaults_restitches, v_alt_pattern_2,
          nicolae_vaults_gold_heap, layout_vaults_omnibox
Vaults:3: grunt_vaults_funnel, v_pattern_3, v_alt_pattern_2,
          vaults_room_door_ring, ontoclasm_vaults_bender, v_misc_30,
          nicolae_vaults_little_squares_3, hangedman_vaults_stretched_pinwheel,
          grunt_vaults_diagonal, nicolae_vaults_alarming,
          hangedman_vaults_unwind, st_lines, ontoclasm_vaults_ring_large,
          vaults_dpeg_ring, layout_vaults_omnicross, uniq_margery, uniq_donald,
          uniq_jory, uniq_saint_roka
Vaults:4: hangedman_vaults_river_flow, nicolae_vaults_rhombus_6,
          nicolae_vaults_ring_of_whatevers, nicolae_vaults_network_square,
          v_misc_30, v_alt_pattern_2, vaults_room_stairs_pillars,
          vaults_dpeg_encased_lava, hangedman_vaults_nails,
          ontoclasm_vaults_twist, layout_vaults_quadrants, serial_shops, shop
Vaults:5: serial_shops
Crypt:1:  layout_gridlike, roderic_lattice_octagonal_star
Crypt:2:  layout_rooms, nicolae_crypt_cryptocurrency, st_stairs_12,
          grunt_ministairs_6, lemuel_freeze_loot_1
Crypt:3:  due_elkab, layout_chaotic_city, tomb_entry_forgotten_bobbens,
          uniq_mennas, uniq_boris
Tomb:1
Depths:1: grunt_x_marks_the_spot, layout_long_grid, kennysheep_big_empty_room,
          hangedman_coc_ice_floe, rand_demon_pan_entry_4,
          hangedman_abyss_entry_splay, grunt_ministairs_9, minmay_librarian,
          uniq_asterion, uniq_enchantress
Depths:2: gammafunk_dig_for_victory, layout_long_grid, serial_shops,
          kennysheep_mini, minmay_misc_feat_plants, pf_hell_entry_tar_river,
          lemuel_nasty_fountain
Depths:3: hangedman_spin_cycle, hell_entry, pan_entry, abyss_entry,
          uniq_frederick
Depths:4: kennysheep_large_vault, layout_cave_pools, hell_entry,
          abyss_entry_crystal, grunt_pan_entry_in_and_out,
          kennysheep_small_spiral, serial_co_window_serial, co_window_corner_a,
          co_window_paths_b, co_window_corner_a, co_window_cross_1,
          co_window_corner_a, co_window_of_opportunity_b, glass_columns_a,
          serial_shops, nicolae_shop_waterfront
Depths:5: grunt_bruiser_brothers, layout_basic, enter_ziggurat_d,
          mu_enter_wizlab_1, glass_columns_a, grunt_hell_entry_dis_mu
Hell
Dis:1:    layout_chaotic_city, nicolae_dis_lava_storage_tank
Dis:2:    layout_regular_city
Dis:3:    layout_gridville, grunt_megastairs_3
Dis:4:    layout_gridville
Dis:5:    kennysheep_iron_temple, layout_gridville
Dis:6:    layout_gridville
Dis:7:    dis_grunt_layers
Geh:1:    layout_gehenna_pools_box, special_room [special_room_morgue]
Coc:1:    layout_cocytus_water_paths
Coc:2:    layout_ice_bergs
Coc:3:    layout_cocytus_water_paths
Coc:4:    layout_cocytus_water_paths
Coc:5:    layout_ice_bergs
Coc:6:    layout_cocytus_water_paths
Coc:7:    coc_mu
Tar:1:    regret_index_dithmenos_brocken_genspenst, layout_cathedral_of_symmetry
Tar:2:    layout_grid_maze, nicolae_tar_cuneiform_oil,
          nicolae_tar_cuneiform_bird
Tar:3:    layout_cathedral_of_symmetry
Tar:4:    layout_grid_maze, lemuel_nasty_fountain
Tar:5:    layout_catacombs
Tar:6:    layout_cathedral_of_symmetry
Tar:7:    tar_grunt_cathedral
Zot:1:    layout_basic, st_large_dragon_hoard_2
Zot:2:    infiniplex_zot_generator, layout_gridlike, ebering_ghost_rock_garden,
          st_stairs_4, grunt_ministairs_1
Zot:3:    layout_cathedral_of_symmetry, st_stairs_9
Zot:4:    kennysheep_blocky_room, layout_gridville

Skill      XL: |  1  2  3  4  5  6  7  8  9 10 11 12 13 14 15 16 17 18 19 20 21 22 23 24 25 26 27 |
---------------+----------------------------------------------------------------------------------+-----
Invocations    | 1 2 3 4 5 6 7 8 9 10 11 12 13 14 15 16 17 18 24 | 24.4
Short Blades   | 1 2 3 4 5 6 7 8 9 10 11 12 13 14 15 16 17 22 | 22.8
Long Blades    | 1 2 3 4 5 6 7 8 9 10 11 12 13 14 15 16 17 22 | 22.8
Axes           | 1 2 3 4 5 6 7 8 9 10 11 12 13 14 15 16 17 22 | 22.8
Maces & Flails | 1 2 3 4 5 6 7 8 9 10 11 12 13 14 15 16 17 22 | 22.8
Polearms       | 1 2 3 4 5 6 7 8 9 10 11 12 13 14 15 16 17 18 26 | 26.2
Staves         | 1 2 3 4 5 6 7 8 9 10 11 12 13 14 15 16 17 22 | 22.8
Slings         | 1 2 3 4 5 6 7 8 9 10 11 12 13 14 15 16 17 22 | 22.8
Bows           | 1 2 3 4 5 6 7 8 9 10 11 12 13 14 15 16 17 22 | 22.8
Crossbows      | 1 2 3 4 5 6 7 8 9 10 11 12 13 14 15 16 17 22 | 22.8
Armour         | 1 2 3 4 5 6 7 8 9 10 11 12 13 14 15 16 17 22 | 22.8
Stealth        | 1 2 3 4 5 6 7 8 9 10 11 12 13 14 15 16 17 22 | 22.8
Shields        | 1 2 3 4 5 6 7 8 9 10 11 12 13 14 15 16 17 23 | 23.9
Spellcasting   | 1 2 3 4 5 6 7 8 9 10 11 12 13 14 15 16 17 22 | 22.8
Evocations     | 1 2 3 4 5 6 7 8 9 10 11 12 13 14 15 16 17 22 | 22.8
Conjurations   | 1 2 3 4 5 6 7 8 9 10 11 12 13 14 19 | 19.9
Hexes          | 1 2 3 4 5 6 7 8 9 10 11 12 13 14 20 | 20.0
Charms         | 1 2 3 4 5 6 7 8 9 10 11 12 13 14 19 | 19.9
Summonings     | 1 2 3 4 5 6 7 8 9 10 11 12 13 14 19 | 19.9
Necromancy     | 1 2 3 4 5 6 7 8 9 10 11 12 13 14 19 | 19.9
Translocations | 1 2 3 4 5 6 7 8 9 10 11 12 13 14 19 | 19.9
Transmutations | 1 2 3 4 5 6 7 8 9 10 11 12 13 14 19 | 19.9
Fire Magic     | 1 2 3 4 5 6 7 8 9 10 11 12 13 14 19 | 19.9
Ice Magic      | 1 2 3 4 5 6 7 8 9 10 11 12 13 14 19 | 19.9
Air Magic      | 1 2 3 4 5 6 7 8 9 10 11 12 13 14 19 | 19.9
Earth Magic    | 1 2 3 4 5 6 7 8 9 10 11 12 13 14 19 | 19.9
Poison Magic   | 1 2 3 4 5 6 7 8 9 10 11 12 13 14 19 | 19.9
Fighting       | 5 6 7 8 9 10 11 12 13 14 15 16 17 23 | 23.1
Throwing       | 5 6 7 8 9 10 11 12 13 14 15 16 17 23 | 23.1
Dodging        | 7 8 9 10 11 12 13 14 15 16 17 26 | 26.7
Unarmed Combat | 7 8 9 10 11 12 13 14 15 16 17 23 | 23.4

Action                   |  1- 3 |  4- 6 |  7- 9 | 10-12 | 13-15 | 16-18 | 19-21 | 22-24 | 25-27 || total
-------------------------+-------+-------+-------+-------+-------+-------+-------+-------+-------++-------
Melee: Unarmed           |   103 |   172 |   196 |       |       |       |       |       |  1409 ||  1880
       Bite              |    16 |    21 |    52 |    98 |   153 |   217 |   216 |   184 |  1864 ||  2821
       Punch             |       |     4 |       |       |       |       |       |       |       ||     4
       Mace              |       |       |   115 |   554 |   689 |       |       |       |       ||  1358
       Morningstar       |       |       |       |       |    99 |  1201 |   257 |       |       ||  1557
       Eveningstar       |       |       |       |       |       |       |   803 |   959 |    67 ||  1829
       Demon trident     |       |       |       |       |       |       |       |       |  7316 ||  7316
       Headbutt          |       |       |       |       |       |       |       |       |  2270 ||  2270
       Demon whip        |       |       |       |       |       |       |       |       |   218 ||   218
Throw: Javelin           |       |     4 |     4 |     1 |    39 |    26 |    33 |    72 |   193 ||   372
       Throwing net      |       |       |     2 |       |     1 |       |     2 |       |       ||     5
       Dart              |       |       |       |       |       |     6 |     3 |       |       ||     9
 Cast: Deflect Missiles  |       |       |       |       |       |     1 |     5 |     3 |    11 ||    20
       Silence           |       |       |       |       |       |       |       |     1 |    13 ||    14
       Statue Form       |       |       |       |       |       |       |       |       |    83 ||    83
       Necromutation     |       |       |       |       |       |       |       |       |   151 ||   151
       Spectral Weapon   |       |       |       |       |       |       |       |       |    10 ||    10
       Controlled Blink  |       |       |       |       |       |       |       |       |     2 ||     2
Invok: Slouch            |       |       |       |     2 |    19 |    11 |    11 |    13 |    20 ||    76
       Step From Time    |       |       |       |       |       |       |     1 |       |       ||     1
 Abil: Stop Flying       |       |       |       |       |       |       |     1 |     2 |     4 ||     7
       Evoke Flight      |       |       |       |       |       |       |     1 |     1 |     5 ||     7
       End Transformatio |       |       |       |       |       |       |       |       |     4 ||     4
Evoke: Wand              |       |       |       |       |     2 |    14 |     3 |     8 |     6 ||    33
       Sack of spiders   |       |       |       |       |       |     1 |       |       |       ||     1
       Phantom mirror    |       |       |       |       |       |       |       |       |     3 ||     3
  Use: Scroll            |       |       |     4 |    11 |    17 |     9 |     6 |    13 |    55 ||   115
       Potion            |       |       |       |     1 |     6 |     1 |     2 |     7 |    21 ||    38
 Stab: Sleeping          |     1 |     1 |     4 |    13 |    15 |     7 |    10 |     5 |   146 ||   202
       Distracted        |       |       |       |     7 |     4 |     1 |     6 |     2 |    64 ||    84
       Paralysed         |       |       |       |       |       |     1 |       |       |     2 ||     3
       Invisible         |       |       |       |       |       |       |       |     2 |    18 ||    20
       Confused          |       |       |       |       |       |       |       |       |     2 ||     2
  Eat: Chunk             |     1 |     7 |     5 |    12 |    18 |    17 |    23 |     8 |    20 ||   111
       Ration            |       |     1 |     1 |       |       |     1 |       |     4 |    13 ||    20
Armor: Leather armour    |    14 |    15 |       |       |       |       |       |       |       ||    29
       Scale mail        |       |    11 |    70 |   129 |    65 |   104 |    94 |    35 |   144 ||   652
       Chain mail        |       |       |       |       |   188 |   166 |       |       |       ||   354
       Plate armour      |       |       |       |       |       |       |    51 |   170 |       ||   221
       Acid dragon scale |       |       |       |       |       |       |       |    15 |   636 ||   651
       Skin              |       |       |       |       |       |       |       |       |   309 ||   309
Dodge: Dodged            |    88 |   116 |    96 |   363 |   653 |   901 |   588 |   530 |  5867 ||  9202
       Deflected         |       |       |       |       |       |     2 |    49 |    51 |    80 ||   182
Block: Kite shield       |       |     6 |   150 |   544 |   950 |  1480 |  1341 |  1008 |  8182 || 13661
       Reflection        |       |       |       |       |       |       |   149 |    49 |   141 ||   339

Table legend:
 A = Non-vault XP
 B = Vault XP
 C = Vault XP percentage of total XP
 D = Non-vault monster count
 E = Vault monster count
 F = Vault count percentage of total count
                 A         B        C        D         E       F
            +---------+---------+-------+---------+---------+-------
      Total | 2009679 | 1323146 |  39.7 |    3156 |    1597 |  33.6
            +---------+---------+-------+---------+---------+-------
        D:1 |      65 |       4 |   5.8 |      26 |       3 |  10.3
        D:2 |     129 |       0 |   0.0 |      31 |       0 |   0.0
        D:3 |     218 |       0 |   0.0 |      27 |       0 |   0.0
        D:4 |     244 |     391 |  61.6 |       6 |       5 |  45.5
        D:5 |     416 |       4 |   1.0 |      10 |       2 |  16.7
        D:6 |     812 |     301 |  27.0 |      21 |      11 |  34.4
        D:7 |    1416 |    1192 |  45.7 |      21 |       2 |   8.7
        D:8 |     575 |    1654 |  74.2 |      12 |      16 |  57.1
        D:9 |    1087 |    6841 |  86.3 |      21 |      88 |  80.7
       D:10 |    2969 |     112 |   3.6 |      40 |       1 |   2.4
       D:11 |    2843 |       0 |   0.0 |      27 |       0 |   0.0
       D:12 |    1028 |       0 |   0.0 |       9 |       0 |   0.0
       D:13 |    7382 |       0 |   0.0 |      32 |       0 |   0.0
       D:14 |   11862 |    1427 |  10.7 |      37 |       4 |   9.8
       D:15 |   15122 |    4042 |  21.1 |      37 |       7 |  15.9
     Lair:1 |    5190 |       0 |   0.0 |      25 |       0 |   0.0
     Lair:2 |    6459 |     980 |  13.2 |      33 |       7 |  17.5
     Lair:3 |    2748 |    1249 |  31.2 |      13 |       1 |   7.1
     Lair:4 |    6718 |    5301 |  44.1 |      25 |      21 |  45.7
     Lair:5 |    7225 |    5090 |  41.3 |      19 |      20 |  51.3
     Lair:6 |    4987 |    9802 |  66.3 |      18 |      25 |  58.1
   Shoals:1 |    9749 |    1734 |  15.1 |      22 |       1 |   4.3
   Shoals:2 |   10785 |       0 |   0.0 |      22 |       0 |   0.0
   Shoals:3 |   23255 |       0 |   0.0 |      45 |       0 |   0.0
   Shoals:4 |    9176 |   23821 |  72.2 |      17 |      37 |  68.5
   Spider:1 |   18040 |    5166 |  22.3 |      50 |       2 |   3.8
   Spider:2 |   12962 |       0 |   0.0 |      40 |       0 |   0.0
   Spider:3 |   28158 |   21744 |  43.6 |      65 |      28 |  30.1
   Spider:4 |   11398 |   24139 |  67.9 |      37 |      43 |  53.8
    Slime:1 |   13474 |       0 |   0.0 |      29 |       0 |   0.0
    Slime:2 |    7014 |       0 |   0.0 |      17 |       0 |   0.0
    Slime:3 |   16848 |       0 |   0.0 |      24 |       0 |   0.0
    Slime:4 |   28146 |       0 |   0.0 |      23 |       0 |   0.0
    Slime:5 |    6750 |   28212 |  80.7 |      25 |      11 |  30.6
      Orc:1 |    3310 |     520 |  13.6 |      54 |       1 |   1.8
      Orc:2 |    4492 |    6540 |  59.3 |      47 |      75 |  61.5
      Elf:1 |   16674 |   11317 |  40.4 |      24 |      20 |  45.5
      Elf:2 |   19010 |   31414 |  62.3 |      28 |      44 |  61.1
      Elf:3 |    5880 |   38308 |  86.7 |      13 |      41 |  75.9
   Vaults:1 |   41259 |   20017 |  32.7 |      74 |      30 |  28.8
   Vaults:2 |   16999 |   19935 |  54.0 |      28 |      29 |  50.9
   Vaults:3 |   46356 |   36908 |  44.3 |      70 |      45 |  39.1
   Vaults:4 |   59778 |   16889 |  22.0 |     103 |      24 |  18.9
   Vaults:5 |   48240 |  156898 |  76.5 |      77 |     107 |  58.2
    Crypt:1 |   44584 |       0 |   0.0 |      61 |       0 |   0.0
    Crypt:2 |   22348 |    5699 |  20.3 |      34 |       5 |  12.8
    Crypt:3 |   39947 |   60847 |  60.4 |      47 |      60 |  56.1
     Tomb:1 |   19812 |   43323 |  68.6 |      34 |      33 |  49.3
   Depths:1 |   23825 |   68125 |  74.1 |      33 |      57 |  63.3
   Depths:2 |   22423 |   31062 |  58.1 |      27 |      30 |  52.6
   Depths:3 |    1106 |   84124 |  98.7 |       4 |      94 |  95.9
   Depths:4 |   48438 |   54480 |  52.9 |      49 |      58 |  54.2
   Depths:5 |   39329 |   18748 |  32.3 |      33 |      15 |  31.2
       Hell |   23873 |   37302 |  61.0 |      25 |      51 |  67.1
      Dis:1 |   42342 |       0 |   0.0 |      82 |       0 |   0.0
      Dis:2 |   12223 |       0 |   0.0 |      35 |       0 |   0.0
      Dis:3 |    5405 |     984 |  15.4 |       7 |       2 |  22.2
      Dis:4 |    1792 |       0 |   0.0 |       8 |       0 |   0.0
      Dis:5 |   28535 |   29993 |  51.2 |      39 |      39 |  50.0
      Dis:6 |    4220 |       0 |   0.0 |      16 |       0 |   0.0
      Dis:7 |  135167 |  112523 |  45.4 |     153 |      81 |  34.6
      Geh:1 |   61360 |   23483 |  27.7 |     100 |      19 |  16.0
      Coc:1 |   27230 |       0 |   0.0 |      66 |       0 |   0.0
      Coc:2 |   35338 |       0 |   0.0 |      29 |       0 |   0.0
      Coc:3 |   19701 |       0 |   0.0 |      31 |       0 |   0.0
      Coc:4 |   33103 |       0 |   0.0 |      37 |       0 |   0.0
      Coc:5 |   63293 |       0 |   0.0 |      49 |       0 |   0.0
      Coc:6 |   22454 |       0 |   0.0 |      25 |       0 |   0.0
      Coc:7 |   67749 |   73782 |  52.1 |      73 |      90 |  55.2
      Tar:1 |   85360 |       0 |   0.0 |      70 |       0 |   0.0
      Tar:2 |    4402 |       0 |   0.0 |       8 |       0 |   0.0
      Tar:3 |   31142 |       0 |   0.0 |      26 |       0 |   0.0
      Tar:4 |   68172 |       0 |   0.0 |      65 |       0 |   0.0
      Tar:5 |  101811 |       0 |   0.0 |     124 |       0 |   0.0
      Tar:6 |    1075 |       0 |   0.0 |       8 |       0 |   0.0
      Tar:7 |   59932 |   55935 |  48.3 |      80 |      43 |  35.0
      Zot:1 |   44289 |   37026 |  45.5 |      25 |      13 |  34.2
      Zot:2 |   40264 |   44739 |  52.6 |      18 |      41 |  69.5
      Zot:3 |   30239 |    3488 |  10.3 |      15 |       2 |  11.8
      Zot:4 |   78379 |   13258 |  14.5 |      48 |       7 |  12.7
    Abyss:1 |   18440 |       0 |   0.0 |      20 |       0 |   0.0
    Abyss:2 |   19919 |       0 |   0.0 |      21 |       0 |   0.0
    Abyss:4 |   43410 |   15019 |  25.7 |     107 |      16 |  13.0
    Ossuary |       0 |     800 | 100.0 |       0 |      15 | 100.0
      IceCv |       0 |    6297 | 100.0 |       0 |      37 | 100.0
     WizLab |       0 |   20157 | 100.0 |       0 |      38 | 100.0
            +---------+---------+-------+---------+---------+-------
